 Dungeon Crawl Stone Soup version 0.30-a0-1160-g6e42c06551 (webtiles) character file.

Game seed: 14491787305790701666

105 newSummerboy the Chopper (level 4, 0/40 HPs)
             Began as a Minotaur Berserker on Apr 26, 2023.
             Was a Believer of Trog.
             Killed by divine providence
             ... invoked by an orc priest
              (10 damage)
             ... on level 3 of the Dungeon.
             The game lasted 00:04:52 (1960 turns).

newSummerboy the Chopper (Minotaur Berserker)       Turns: 1960, Time: 00:04:52

Health: 0/40       AC:  9    Str: 23    XL:     4   Next: 53%
Magic:  3/3        EV:  9    Int:  4    God:    Trog [**....]
Gold:   193        SH:  0    Dex: 10    Spells: 3/3 levels left

rFire   . . .        a - +0 hand axe
rCold   . . .        (no shield)
rNeg    . . .        n - +0 chain mail
rPois   .            (helmet restricted)
rElec   .            (no cloak)
rCorr   .            (no gloves)
SInv    .            (no boots)
Will    .....        (no amulet) Stlth
                     (no ring)
HPRegen 0.26/turn    (no ring)
MPRegen 0.08/turn

%: no passive effects
@: no status effects
A: horns 2, retaliatory headbutt
a: Renounce Religion, Berserk, Trog's Hand


You were on level 3 of the Dungeon.
You worshipped Trog.
Trog was pleased with you.
You visited 1 branch of the dungeon, and saw 3 of its levels.

You collected 193 gold pieces.

Inventory:

Hand Weapons
 a - a +0 hand axe (weapon)
Armour
 b - a +0 animal skin
 l - a +0 leather armour
 n - a +0 chain mail (worn)
Jewellery
 t - a +4 ring of protection
 u - an amulet of reflection
Scrolls
 c - a scroll of immolation {unknown}
 d - 2 scrolls of enchant armour {unknown}
 e - a scroll of vulnerability {unknown}
 h - a scroll of noise {unknown}
 j - 2 scrolls of identify {unknown}
 k - 2 scrolls of teleportation {unknown}
 s - a scroll of fog {unknown}
Potions
 f - a potion of degeneration {unknown}
 g - a potion of mutation {unknown}
 i - 2 potions of ambrosia {unknown}
 m - a potion of might {unknown}
 o - a potion of berserk rage {unknown}
 p - a potion of cancellation {unknown}
 q - 3 potions of curing {unknown}
 r - a potion of heal wounds {unknown}


   Skills:
 + Level 4.3 Fighting
 * Level 5.5 Axes
 + Level 3.2 Armour
 - Level 2.1 Dodging
 + Level 0.2 Stealth


You had 3 spell levels left.
You didn't know any spells.
Your spell library was empty.

Dungeon Overview and Level Annotations

Branches:
Dungeon (3/15)

Altars:


Innate Abilities, Weirdness & Mutations

You have a pair of horns on your head.
You reflexively headbutt those who attack you in melee.


Message History

The orc is almost dead.
You hear a shout!
The orc barely misses you. The orc completely misses you.
You hit the orc.
You kill the orc!
Trog accepts your kill.
An orc priest comes into view. It is wielding a +0 hand axe.
The orc priest shouts!
Things that are here:
a +0 club; a +0 ring mail You hit the orc.
The orc is almost dead.
The orc barely misses you.
An orc priest comes into view. It is wielding a +0 hand axe.
You hit the orc.
You kill the orc!
Trog accepts your kill.
The orc priest looks encouraged for a moment.
You slash the orc!
You kill the orc!
Trog accepts your kill.
The orc priest invokes the aid of Beogh against you.
Beogh smites you!
A goblin comes into view. It is wielding a +1 dagger of venom.
An orc comes into view. It is wielding a +0 dagger.
The goblin shouts!
You barely miss the orc.
The orc priest mumbles some strange prayers to Beogh against you.
Beogh smites you! The orc barely misses you. You furiously retaliate!
You headbutt the orc!
You kill the orc!
Trog accepts your kill.
Things that are here:
a +0 club; an orc corpse The orc priest mumbles some strange prayers to Beogh against you.
Pain shoots through your body!
* * * LOW HITPOINT WARNING * * *
The orc priest mumbles some strange prayers to Beogh against you.
Beogh smites you!
You die...

### #.#### #.o..# #.##.#
#.##.# #.##)#
###################o##)#
#...........@....o..##o#
#....<..##############o#
#.......######### #.#
######.##........ #g#
######.##........ #.#
#####......##........
#.#
.....................
.o.
#####......##........
#.# # #......##........
o..


You could see 2 orc priests.

Vanquished Creatures
  An orc wizard (D:3)
  An adder (D:3)
  3 worms (D:2)
  2 dart slugs (D:2)
  10 orcs (D:3)
  4 ball pythons
  4 endoplasms
  A giant cockroach (D:1)
  4 goblins
  3 hobgoblins
  A jackal (D:2)
  A quokka (D:2)
  3 bats
  A frilled lizard (D:2)
  3 kobolds
  4 rats
46 creatures vanquished.

Notes
Turn   | Place    | Note
-------+----------+-------------------------------------------
     0 | D:1      | newSummerboy the Minotaur Berserker began the quest for the
                  | Orb.
     0 | D:1      | Reached XP level 1. HP: 19/19 MP: 0/0
   300 | D:1      | Reached skill level 4 in Axes
   365 | D:1      | Reached XP level 2. HP: 27/27 MP: 1/1
  1122 | D:2      | Reached XP level 3. HP: 19/33 MP: 2/2
  1348 | D:2      | Reached ** piety under Trog
  1448 | D:2      | Identified the +5 hand axe of Oplosy {flame, rC+}
  1756 | D:3      | Reached skill level 5 in Axes
  1756 | D:3      | Reached XP level 4. HP: 40/40 MP: 3/3
  1960 | D:3      | Killed from afar by an orc priest

Illustrated notes

Levels and vault maps discovered:
D:1:      ncdulo_smallfort, layout_loops_corners, minmay_strange_pillars,
          nicolae_concentric_dashed_squares_wild, minmay_misc_feat_roman
D:2:      minmay_wonky_spiral, layout_loops_ring
D:3:      layout_basic, nicolae_overflow_hidden_temple,
          nicolae_overflow_two_pavilions

Skill      XL: |  1  2  3 |
---------------+----------+-----
Axes           | 4 5 |  5.5
Fighting       | 4 |  4.3
Armour         | 3 |  3.2
Dodging        | |  2.1
Stealth        | |  0.2

Action                     |  1- 3 |  4- 6 || total
---------------------------+-------+-------++-------
  Melee: Hand axe          |    92 |    18 ||   110
         Headbutt          |    14 |     1 ||    15
         Punch             |     1 |       ||     1
 Armour: Animal skin       |     4 |       ||     4
         Chain mail        |    25 |     7 ||    32
  Dodge: Dodged            |    46 |    13 ||    59

Table legend: (Time is in decaauts)
 A = Elapsed time spent in this place.
 B = Non-inter-level travel time spent in this place.
 C = Inter-level travel time spent in this place.
 D = Time resting spent in this place.
 E = Time spent auto-exploring this place.
 F = Levels seen in this place.
 G = Mean time per level.
                   A        B        C        D        E       F      G
               +--------+--------+--------+--------+--------+-----+--------+
         Total |   1968 |   1916 |     52 |     55 |   1499 |   3 |  656.0 |
       Dungeon |   1968 |   1916 |     52 |     55 |   1499 |   3 |  656.0 |
               +--------+--------+--------+--------+--------+-----+--------+

Top non-repeatable levels by time:
     D:1: 817 daAuts
     D:2: 738 daAuts
     D:3: 412 daAuts
